 Dungeon Crawl Stone Soup version 0.28-a0-628-g3c9886e45e (webtiles) character file.

Game seed: 10124055983664860721

118 pokeman the Magician (level 4, -1/25 HPs)
             Began as a Deep Elf Hedge Wizard on Oct 8, 2021.
             Slain by an orc (6 damage)
             ... on level 2 of the Dungeon.
             The game lasted 00:05:42 (2746 turns).

pokeman the Magician (Deep Elf Hedge Wizard)        Turns: 2746, Time: 00:05:43

Health: -1/25      AC:  3    Str:  7    XL:     4   Next: 72%
Magic:  3/13       EV: 12    Int: 20    God:
Gold:   97         SH:  0    Dex: 14    Spells: 3/14 levels left

rFire   . . .      SeeInvis .   i - +0 short sword (drain)
rCold   . . .      Faith    .   (no shield)
rNeg    . . .      Spirit   .   a - +0 leather armour
rPois   .          Reflect  .   c - +0 hat
rElec   .          Harm     .   b - scarf {repulsion}
rCorr   .          Rampage  .   (no gloves)
Will    .....                   (no boots)
Stlth   ++........              (no amulet)
HPRegen 0.08/turn               (no ring)
MPRegen 0.13/turn               (no ring)

@: very slightly contaminated, repel missiles
A: no striking features
a: no special abilities


You were on level 2 of the Dungeon.
You visited 1 branch of the dungeon, and saw 3 of its levels.

You collected 97 gold pieces.

Inventory:

Hand Weapons
 i - a +0 short sword of draining (weapon)
Missiles
 f - 42 bolts
 m - 5 arrows
Armour
 a - a +0 leather armour (worn)
 b - a scarf of repulsion (worn)
 c - a +0 hat (worn)
Scrolls
 g - a scroll of brand weapon {unknown}
 h - a scroll of fear {unknown}
 k - a scroll of acquirement {unknown}
 l - a scroll of blinking {unknown}
 n - a scroll of fog {unknown}
 p - a scroll of enchant armour {unknown}
Potions
 d - 2 potions of degeneration {unknown}
 e - a potion of mutation {unknown}
 j - a potion of flight {unknown}
 o - a potion of heal wounds {unknown}


   Skills:
 - Level 1.0 Fighting
 - Level 1.0 Armour
 + Level 2.9 Dodging
 - Level 2.4 Stealth
 * Level 5.8 Spellcasting
 + Level 2.3 Conjurations
 - Level 1.1 Summonings
 - Level 1.1 Translocations
 - Level 1.0 Fire Magic
 + Level 0.0 Air Magic


You had 3 spell levels left.
You knew the following spells:

 Your Spells              Type           Power      Damage    Failure   Level
a - Magic Dart            Conj           60%        1d6       6%          1
b - Mephitic Cloud        Conj/Pois/Air  9%         N/A       32%         3
c - Call Imp              Summ           10%        N/A       16%         2
d - Blink                 Tloc           N/A        N/A       16%         2
e - Conjure Flame         Conj/Fire      12%        6-21      22%         3

Your spell library contained the following spells:

 Spells                   Type           Power      Damage    Failure   Level
 Slow                     Hex            5%         N/A       24%         2


Dungeon Overview and Level Annotations

Branches:
Dungeon (3/15)

Altars:


Message History

The orc wizard moves out of view.
An orc comes into view. It is wielding a +0 whip.
The orc wizard shouts!
The orc shouts!
A jackal comes into view.
The orc wizard shouts!
The jackal barks!
Your magical contamination has completely faded away.
There is a stone staircase leading up here.
You hit the rat.
You kill the rat!
You barely miss the orc. The orc closely misses you.
The jackal closely misses you. The orc barely misses you.
You climb upwards.
There is a stone staircase leading down here.
The jackal bites you but does no damage.
You hit the orc.
The orc is lightly wounded.
The orc closely misses you.
You barely miss the orc.
The orc is lightly wounded.
The orc hits you with a +0 flail!
You hit the orc but do no damage. You drain the orc.
The orc is heavily wounded.
The orc hits you with a +0 flail.
You barely miss the orc.
The orc is heavily wounded.
The orc hits you with a +0 flail.
You hit the orc.
The orc is heavily wounded.
The orc closely misses you.
You barely miss the orc.
The orc is heavily wounded.
The orc hits you with a +0 flail.
* * * LOW HITPOINT WARNING * * *
The orc barely misses you.
Casting: Magic Dart (safe; 6% risk of failure)
Confirm with . or Enter, or press ? or * to list all spells.
You miscast Call Imp.
You are very lightly contaminated with residual magic.
Nothing appears to happen.
The orc hits you with a +0 flail.
You die...

###### #....# #.##.#
#######.##.#
#..........#
#(#####.####
#.#####.#######
#########>.............
#.....@oh.......#######
#.#######..............
#.# ############### #.#
#.# #.# #.# #.#
#.########## ########


You could see an orc (drained) and a jackal.

Vanquished Creatures
  5 adders (D:2)
  4 worms (D:2)
  3 dart slugs (D:1)
  An orc (D:3)
  3 endoplasms
  2 giant cockroaches (D:1)
  3 goblins
  3 hobgoblins
  A jackal (D:3)
  9 kobolds
  4 quokkas (D:1)
  5 ball pythons (D:1)
  2 bats
  3 frilled lizards (D:1)
  8 rats
56 creatures vanquished.

Notes
Turn   | Place    | Note
-------+----------+-------------------------------------------
     0 | D:1      | pokeman the Deep Elf Hedge Wizard began the quest for the
                  | Orb.
     0 | D:1      | Reached XP level 1. HP: 10/10 MP: 7/7
   369 | D:1      | Reached XP level 2. HP: 16/16 MP: 4/9
   791 | D:1      | Reached skill level 5 in Spellcasting
   982 | D:1      | Reached XP level 3. HP: 20/20 MP: 8/11
   986 | D:1      | Learned a level 3 spell: Mephitic Cloud
   989 | D:1      | Learned a level 2 spell: Call Imp
   992 | D:1      | Learned a level 2 spell: Blink
   996 | D:1      | Learned a level 3 spell: Conjure Flame
  1342 | D:2      | Reached skill level 1 in Fighting
  1342 | D:2      | Reached skill level 1 in Armour
  1841 | D:2      | Reached XP level 4. HP: 25/25 MP: 7/13
  2279 | D:2      | Found a faded altar of an unknown god.
  2625 | D:2      | Reached skill level 1 in Fire Magic
  2746 | D:2      | Slain by an orc

Illustrated notes

Levels and vault maps discovered:
D:1:      dpeg_arrival_shrine, layout_loops_ring
D:2:      layout_basic, shapermc_ecumenical_altar_mp_highgroup, kennysheep_nub
D:3:      layout_basic, mainiacjoe_overflow_24_doors,
          mainiacjoe_overflow_concentric_impassable, uniq_ijyb,
          uniq_crazy_yiuf_cottage

Skill      XL: |  1  2  3  4 |
---------------+-------------+-----
Spellcasting   | 5 |  5.8
Fighting       | 1 |  1.0
Armour         | 1 |  1.0
Conjurations   | 2 |  2.3
Fire Magic     | 1 |  1.0
Dodging        | |  2.9
Stealth        | |  2.4
Summonings     | |  1.1
Translocations | |  1.1

Action                   |  1- 3 |  4- 6 || total
-------------------------+-------+-------++-------
Melee: Dagger            |    15 |       ||    15
       Short sword       |    18 |    25 ||    43
 Cast: Magic Dart        |    82 |    52 ||   134
       Mephitic Cloud    |     3 |     3 ||     6
 Stab: Confused          |     2 |     2 ||     4
Armor: Robe              |     8 |       ||     8
       Leather armour    |       |     2 ||     2
Dodge: Dodged            |    27 |    17 ||    44

Table legend: (Time is in decaauts)
 A = Elapsed time spent in this place.
 B = Non-inter-level travel time spent in this place.
 C = Inter-level travel time spent in this place.
 D = Time resting spent in this place.
 E = Time spent auto-exploring this place.
 F = Levels seen in this place.
 G = Mean time per level.
                   A        B        C        D        E       F      G
               +--------+--------+--------+--------+--------+-----+--------+
         Total |   2750 |   2714 |     36 |    371 |   1927 |   3 |  916.7 |
       Dungeon |   2750 |   2714 |     36 |    371 |   1927 |   3 |  916.7 |
               +--------+--------+--------+--------+--------+-----+--------+

Top non-repeatable levels by time:
     D:2: 1373 daAuts
     D:1: 1330 daAuts
     D:3: 47 daAuts
